Map: Flashback EE

Players

Gelzyme - Winner!

  • Race: Protoss Protoss
  • League: Gold
  • Spawn Location: 11:00

LionCubChubb - Winner!

  • Race: Protoss Protoss
  • Spawn Location: 11:00

CheetahCub - Winner!

  • Race: Terran Terran
  • League: Bronze
  • Spawn Location: 9:00

MrFercho

  • Race: Zerg Zerg
  • League: Gold
  • Spawn Location: 7:00

tigro

  • Race: Terran Terran
  • League: Bronze
  • Spawn Location: 7:00

TATORREA

  • Race: Protoss Protoss
  • League: Gold
  • Spawn Location: 7:00

VOD

Have the link to the VOD?

Description

Time

  • Played on: Aug. 8, 2020, 8:33 p.m.
  • Length: 12:00
Show
View Real Time Build Order
Export as new Build Order

Gelzyme Protoss - Winner!

Build Orders: Dark Templar Rush 

Get SALT Encoding   

  12  0:00  Probe  
  13  0:17  Pylon  
  13  0:19  Probe  
  14  0:31  Probe (Chrono Boost)  
  15  0:42  Probe (Chrono Boost)  
  16  0:46  Probe (Chrono Boost)  
  16  0:48  Gateway  
  17  0:52  Assimilator  
  17  0:57  Probe  
  18  1:09  Probe  
  19  1:22  Probe  
  20  1:26  Assimilator  
  20  1:34  Probe  
  21  1:40  Cybernetics Core  
  21  1:45  Pylon  
  21  1:46  Probe  
  22  1:58  Probe  
  23  2:14  Warp Gate (Chrono Boost)  
  23  2:21  Pylon  
  23  2:31  Robotics Facility  
  23  2:43  Twilight Council  
  23  2:50  Gateway  
  23  2:53  Gateway  
  23  2:58  Forge  
  23  3:06  Stalker  
  25  3:27  Dark Shrine  
  25  3:32  Warp Prism  
  27  3:38  Charge  
  27  3:46  Pylon  
  27  3:54  Protoss Ground Weapons Level 1 (Chrono Boost)  
  27  3:56  Pylon  
  27  4:23  Stalker x3  
  33  4:58  Dark Templar  
  33  4:59  Dark Templar  
  37  5:13  Dark Templar  
  39  5:35  Observer  
  40  6:00  Nexus  
  40  6:31  Zealot x3  
  34  7:08  Dark Templar x2  
  34  7:09  Dark Templar  
  34  7:30  Stalker x3  
  40  7:45  Probe (Chrono Boost)  
  41  7:54  Pylon  
  41  7:55  Probe (Chrono Boost)  
  42  8:00  Probe (Chrono Boost)  
  43  8:11  Probe  
  44  8:23  Probe  
  45  8:29  Dark Templar x3  
  30  9:16  Dark Templar x3  
  24  10:46  Probe (Chrono Boost)  
  25  10:56  Probe (Chrono Boost)  
  26  11:01  Probe (Chrono Boost)  
  27  11:10  Pylon  
  27  11:12  Probe  
  20  11:23  Zealot  
  20  11:24  Probe  
Show
View Real Time Build Order
Export as new Build Order

LionCubChubb Protoss - Winner!

Build Orders: Carrier Rush 

Get SALT Encoding   

  12  0:13  Pylon  
  12  0:33  Gateway  
  12  0:35  Probe (Chrono Boost)  
  12  0:36  Assimilator  
  13  0:48  Probe (Chrono Boost)  
  14  0:54  Probe (Chrono Boost)  
  15  1:25  Cybernetics Core  
  15  1:28  Probe (Chrono Boost)  
  15  1:29  Assimilator  
  17  1:41  Probe (Chrono Boost)  
  17  1:47  Probe (Chrono Boost)  
  18  2:11  Probe  
  19  2:20  Stargate  
  19  2:23  Probe (Chrono Boost)  
  20  2:35  Probe (Chrono Boost)  
  21  2:40  Probe (Chrono Boost)  
  22  2:49  Pylon  
  22  2:51  Protoss Air Weapons Level 1  
  22  2:52  Pylon  
  22  3:13  Void Ray  
  26  3:47  Nexus  
  26  3:51  Assimilator  
  26  3:55  Assimilator  
  26  3:58  Pylon  
  26  4:05  Fleet Beacon  
  26  4:08  Stargate  
  26  4:15  Probe (Chrono Boost)  
  27  4:27  Probe (Chrono Boost)  
  28  4:32  Probe (Chrono Boost)  
  29  4:48  Carrier  
  35  5:00  Probe  
  35  5:05  Probe  
  37  5:12  Probe  
  38  5:17  Probe  
  39  5:25  Probe  
  40  5:29  Probe  
  41  5:41  Probe  
  41  5:42  Tempest  
  47  5:48  Probe  
  48  5:54  Probe  
  49  6:00  Probe  
  49  6:02  Carrier  
  56  6:06  Probe  
  57  6:13  Probe  
  57  6:18  Probe  
  59  6:25  Probe  
  60  6:30  Probe  
  61  6:53  Pylon  
  61  6:57  Pylon  
  61  7:04  Pylon  
  61  7:11  Tempest  
  66  7:23  Carrier  
  69  7:54  Tempest  
  74  8:27  Carrier  
  76  8:37  Carrier  
  82  11:03  Pylon  
  82  11:06  Pylon  
  82  11:08  Pylon  
  82  11:10  Pylon  
  82  11:12  Pylon  
  82  11:14  Pylon  
  82  11:16  Pylon  
  82  11:18  Pylon  
  82  11:21  Pylon  
  82  11:23  Pylon  
  93  11:25  Pylon  
  93  11:30  Pylon  
Show
View Real Time Build Order
Export as new Build Order

CheetahCub Terran - Winner!

Build Orders:  

Get SALT Encoding   

  12  0:01  SCV  
  13  0:25  Supply Depot  
  13  0:27  SCV  
  14  0:30  Supply Depot  
  14  0:39  SCV  
  15  0:50  Barracks  
  15  1:07  Barracks  
  15  1:14  SCV  
  16  1:20  Refinery  
  16  1:26  SCV  
  16  1:27  Refinery  
  17  1:40  Marine  
  18  1:53  Engineering Bay, SCV  
  19  1:58  Marine  
  20  2:05  SCV  
  21  2:16  Marine  
  22  2:40  Factory  
  22  2:44  Marine x2  
  22  2:45  Barracks  
  24  3:02  Marine  
  24  3:13  Terran Infantry Weapons Level 1  
  24  3:21  SCV  
  24  3:24  Marine x2  
  24  3:26  Command Center  
  27  3:33  SCV  
  28  3:50  Factory Tech Lab  
  28  3:51  Starport  
  28  4:12  Barracks Tech Lab  
  28  4:14  Siege Tank  
  31  4:25  Command Center  
  31  4:28  Armory  
  31  4:50  Supply Depot  
  31  5:01  Combat Shield  
  31  5:11  Medivac, Marine x2  
  35  5:21  Terran Vehicle And Ship Armor Level 1  
  35  5:29  Marine  
  36  5:38  Bunker  
  36  5:39  Terran Infantry Armor Level 1  
  36  5:41  SCV  
  37  5:53  SCV  
  37  5:54  Marine x2  
  40  6:05  SCV  
  41  6:11  Marine  
  41  6:12  Reaper  
  39  6:29  Fusion Core  
  36  6:35  Orbital Command  
  36  6:38  Medivac  
  38  6:43  SCV  
  39  6:56  SCV  
  40  7:27  Marine x2  
  40  7:28  Marine  
  43  7:32  Starport Tech Lab  
  43  7:36  Terran Vehicle Weapons Level 1  
  43  7:38  Siege Tank  
  45  7:55  Marine  
  45  7:56  Marine x2  
  48  8:13  Marine  
  48  8:14  Marauder  
  51  8:30  Marine  
  51  8:31  Marine  
  53  8:35  Marine  
  54  9:12  Starport  
  54  9:16  Supply Depot  
  54  9:20  Marine  
  55  9:38  Battlecruiser  
  55  9:39  Supply Depot  
  54  9:51  Marine x2  
  54  10:05  Terran Ship Weapons Level 1  
  54  10:06  Marine  
  55  10:08  Marine  
  55  10:09  Marine  
  55  10:13  SCV  
  58  10:23  Marine  
  59  10:43  Battlecruiser  
Show
View Real Time Build Order
Export as new Build Order

MrFercho Zerg 

Build Orders: Pool First 

Get SALT Encoding   

  12  0:29  Spawning Pool  
  12  0:30  Drone x2  
  12  0:33  Drone  
  14  0:48  Overlord  
  14  1:10  Drone  
  15  1:12  Hatchery  
  15  1:15  Drone  
  15  1:27  Zergling x2  
  15  1:28  Zergling x2  
  17  1:36  Drone  
  18  1:48  Zergling x2  
  19  2:00  Zergling x2  
  20  2:08  Zergling x2  
  21  2:23  Drone  
  21  2:24  Drone  
  23  2:36  Drone x2  
  25  2:40  Queen  
  25  2:41  Extractor  
  25  3:22  Drone x3  
  25  3:25  Overlord x2  
  25  3:26  Overlord  
  28  3:43  Queen  
  28  3:44  Drone x3  
  33  3:50  Drone  
  34  3:57  Drone  
  34  4:02  Drone x4  
  39  4:12  Drone x2  
  41  4:18  Lair  
  41  4:21  Drone x2  
  43  4:37  Drone  
  43  4:38  Drone x3  
  47  4:42  Extractor  
  47  4:44  Extractor  
  45  4:59  Drone x3  
  48  5:01  Drone x3  
  47  5:20  Hatchery  
  46  5:29  Nydus Network  
  46  5:35  Zergling x12  
  51  5:40  Baneling Nest  
  50  5:46  Spore Crawler  
  49  5:52  Zergling x2  
  49  5:53  Zergling x4  
  52  5:58  Overlord, Hatchery  
  52  5:59  Overlord  
  52  6:00  Overlord x2  
  47  6:22  Overseer  
  44  6:28  Spore Crawler  
  28  6:43  Zergling x6  
  28  6:44  Zergling x26  
  37  7:19  Drone x10  
  47  7:38  Drone x3  
  47  7:40  Drone  
  51  7:46  Spore Crawler  
  50  7:52  Drone x2  
  50  7:53  Queen  
  50  7:57  Zergling x16  
  62  7:58  Centrifical Hooks  
  62  8:09  Spore Crawler  
  62  8:11  Zergling x12  
  56  8:31  Nydus Canal  
  53  8:48  Hydralisk Den  
  53  8:54  Metabolic Boost  
  41  9:18  Hydralisk  
  41  9:21  Overlord x4  
  41  9:22  Overlord  
  41  9:23  Overlord  
  42  9:26  Muscular Augments  
  36  9:39  Hydralisk  
  36  9:40  Hydralisk x5  
  31  10:10  Drone x9  
  40  10:20  Extractor  
  35  10:37  Hydralisk, Grooved Spines  
  35  10:38  Hydralisk x8  
  53  10:51  Zergling x2  
  53  10:52  Zergling x10  
  59  11:11  Zergling x2  
  59  11:12  Zergling x10  
  49  11:41  Zergling x6  
  49  11:42  Zergling x10  
Show
View Real Time Build Order
Export as new Build Order

tigro Terran 

Build Orders:  

Get SALT Encoding   

  12  0:18  SCV  
  13  0:28  Supply Depot  
  13  0:31  SCV  
  14  0:43  SCV  
  15  0:50  Supply Depot  
  15  0:55  SCV  
  16  1:00  Barracks  
  16  1:07  SCV  
  17  1:13  Refinery  
  17  1:19  SCV  
  17  1:20  Refinery  
  18  1:31  SCV  
  19  1:43  SCV  
  20  1:47  Marine  
  21  1:58  SCV  
  22  2:05  Marine  
  23  2:10  SCV  
  24  2:17  Factory  
  25  2:22  Marine, SCV  
  26  2:35  Orbital Command  
  26  2:40  Marine  
  27  2:58  Marine  
  27  3:01  Factory Tech Lab  
  28  3:07  Engineering Bay  
  28  3:18  Barracks Tech Lab  
  28  3:26  Siege Tank  
  31  3:40  Starport  
  31  3:43  Combat Shield  
  31  3:48  Marine  
  32  3:58  Siege Tank  
  32  4:01  Terran Infantry Weapons Level 1  
  35  4:06  Marine  
  36  4:23  Marine  
  37  4:30  Medivac  
  39  4:46  Command Center  
  39  4:48  Marine  
  40  5:02  Stimpack  
  40  5:06  Marine  
  41  5:11  Starport Tech Lab  
  41  5:55  Terran Infantry Armor Level 1  
  41  5:58  Armory  
  41  5:59  Refinery  
  41  6:00  Refinery, SCV  
  42  6:12  SCV  
  42  6:14  Supply Depot  
  43  6:24  SCV  
  44  6:36  SCV  
  44  6:38  Supply Depot  
  45  6:42  Marine  
  46  6:48  SCV  
  46  6:59  Marine  
  46  7:01  Supply Depot  
  47  7:17  Marine  
  48  7:23  Supply Depot  
  48  7:35  Marine  
  49  7:46  Supply Depot  
  49  7:49  SCV, Neosteel Armor, Missile Turret  
  50  7:53  Marine  
  50  7:57  Terran Vehicle Weapons Level 1  
  51  8:01  SCV  
  51  8:13  SCV  
  52  8:25  SCV  
  44  8:37  SCV  
  44  8:40  Marine  
  39  8:43  Viking  
  41  8:53  Fusion Core, SCV  
  42  8:58  Marine  
  43  9:05  SCV  
  44  9:13  Viking  
  44  9:16  Marine  
  46  9:17  SCV  
  47  9:29  Thor, SCV, Terran Infantry Armor Level 2  
  54  9:34  Marine  
  55  9:42  SCV  
  55  9:43  Medivac  
  58  9:51  Terran Vehicle And Ship Armor Level 1  
  58  9:52  Marine  
  57  10:12  Thor  
  60  10:57  Marine  
  58  11:02  Thor  
  53  11:14  Marine  
  54  11:32  Marine  
Show
View Real Time Build Order
Export as new Build Order

TATORREA Protoss 

Build Orders:  

Get SALT Encoding   

  12  0:04  Probe  
  13  0:16  Probe  
  14  0:29  Pylon  
  14  0:30  Probe  
  15  0:47  Probe  
  16  0:57  Gateway  
  16  0:59  Probe  
  17  1:11  Probe  
  17  1:13  Assimilator  
  17  1:15  Pylon  
  18  1:24  Probe  
  19  1:36  Probe  
  19  1:38  Gateway  
  20  1:49  Cybernetics Core  
  20  1:57  Probe  
  21  2:06  Assimilator  
  21  2:10  Pylon  
  21  2:14  Gateway  
  21  2:23  Nexus  
  21  2:25  Pylon  
  21  2:27  Probe  
  22  2:39  Probe  
  23  2:45  Warp Gate  
  23  2:48  Stalker  
  25  2:51  Stalker  
  25  2:54  Probe  
  28  3:06  Stalker, Probe  
  31  3:18  Probe  
  31  3:19  Stalker  
  34  3:24  Stalker  
  36  3:31  Probe  
  37  3:38  Stalker  
  37  3:40  Probe  
  40  3:43  Probe  
  41  3:52  Probe  
  41  3:55  Probe  
  43  4:02  Stargate  
  43  4:05  Probe  
  43  4:07  Probe  
  43  4:08  Twilight Council  
  45  4:17  Probe  
  46  4:19  Probe  
  46  4:20  Assimilator  
  47  4:29  Probe  
  48  4:31  Probe  
  49  4:41  Assimilator, Probe  
  49  4:43  Probe  
  51  4:51  Fleet Beacon  
  51  4:53  Probe  
  51  4:55  Probe  
  53  5:03  Oracle  
  53  5:05  Probe  
  57  5:07  Probe  
  57  5:09  Stalker  
  60  5:24  Robotics Facility  
  60  5:28  Probe x2  
  62  5:54  Nexus  
  62  5:56  Pylon  
  62  5:58  Pylon  
  62  6:14  Probe x2  
  62  6:18  Stargate  
  64  6:20  Stargate  
  64  6:26  Probe x2  
  66  6:39  Probe x2  
  68  6:42  Zealot x2  
  68  6:43  Zealot  
  68  6:45  Observer  
  75  6:51  Probe x2  
  73  7:03  Probe x2  
  75  7:31  Probe  
  75  7:32  Probe x2  
  78  7:43  Probe  
  78  7:44  Probe x2  
  80  7:47  Carrier  
  80  7:48  Carrier  
  93  8:05  Protoss Air Weapons Level 1, Pylon  
  93  8:08  Pylon  
  93  8:14  Pylon  
  93  8:17  Pylon  
  93  8:23  Carrier, Probe x2  
  93  8:26  Probe  
  102  8:27  Pylon  
  102  8:30  Pylon  
  102  8:35  Pylon, Probe  
  102  8:38  Probe  
  85  9:08  Pylon  
  83  9:12  Pylon  
  83  9:16  Pylon  
  82  9:20  Assimilator  
  80  9:25  Assimilator  
  80  9:33  Nexus  
  80  9:36  Pylon  
  80  9:38  Pylon, Phoenix x3 (Chrono Boost)  
  80  9:55  Phoenix x3 (Chrono Boost)  
  86  10:14  Probe x3  
  88  10:15  Carrier x2 (Chrono Boost)  
  88  10:17  Assimilator, Phoenix  
  88  10:20  Assimilator  
  97  10:23  Gateway  
  97  10:24  Gateway  
  97  10:26  Probe x3  
  97  10:27  Gateway  
  97  10:28  Gateway  
  88  10:31  Gateway  
  88  10:32  Gateway  
  88  10:34  Gateway  
  82  10:36  Gateway  
  82  10:39  Probe  
  82  10:40  Probe x2  
  82  10:42  Immortal  
  87  10:52  Probe  
Tags
 
Add a new tag
Caveats
  • Supply blocks, unpowered buildings, or Contaminate may cause inaccurate times.
  • Supply counts are checked every 10 seconds.